Canadiens vs Kings

Created - 3 janvier 2021 at 20:21

Goals
1 2 3 T
Canadiens 1 0 0 1
Kings 1 1 2 4
Shots
1 2 3 T
Canadiens 9 12 10 31
Kings 15 13 10 38

1st period

1. Kings , Rickard Rakell 11 (Marco Scandella 10, Jordan Eberle 20) at 7:32
2. Canadiens , Patrick Kane 15 (Nate Schmidt 18) at 14:26

Penalties :
Ilya Kovalchuk (MTL) for Tripping (Minor) at 9:31

2nd period

3. Kings , Andre Burakovsky 9 (Marc-Edouard Vlasic 10, Jesper Fast 13) at 16:08

Penalties :
Jack Johnson (LOS) for Hooking (Minor) at 2:40, Colin White (MTL) for Tripping (Minor) at 8:37

3rd period

4. Kings , Justin Williams 2 (Marco Scandella 11, John Moore 11) at 0:51
5. Kings , Justin Williams 3 (Nick Paul 8) at 13:13

Penalties :
Zemgus Girgensons (LOS) for Hooking (Minor) at 7:09

Goalie Stats

Mackenzie Blackwood (MTL), 34 saves from 38 shots - (0,895), L, 14-4-1, 60:00 minutes
David Rittich (LOS), 30 saves from 31 shots - (0,968), W, 14-9-4, 60:00 minutes

Players Stats for Canadiens

Player Name              G  A  P  +/- PIM S  H  SB GA TA FO     MP     PP MP  PK MP  
------------------------------------------------------------------------------------
Artturi Lehkonen         0  0  0  -1  0   4  0  0  0  0  0/1    13:38   0:00   2:40 
Auston Matthews          0  0  0  -1  0   1  1  0  0  0  12/24  21:41   2:27   0:00 
Cam Fowler               0  0  0  -2  0   1  1  0  0  0  0/0    22:20   1:29   2:01 
Colin White              0  0  0  -2  2   2  1  0  0  0  6/11   11:34   0:00   0:00 
Danny DeKeyser           0  0  0  -1  0   0  1  1  0  0  0/0    15:42   0:00   0:00 
David Krejci             0  0  0   0  0   3  2  0  0  0  12/23  17:41   1:31   0:00 
Ilya Kovalchuk           0  0  0  -1  2   1  0  0  0  0  1/2    10:39   0:00   0:00 
Ivan Provorov            0  0  0  -1  0   2  2  2  0  0  0/0    19:38   1:59   1:57 
Jakob Silfverberg        0  0  0   0  0   2  0  1  0  0  0/1    18:51   1:31   1:10 
Josh Morrissey           0  0  0   0  0   4  6  3  0  0  0/0    21:32   1:59   2:01 
Loui Eriksson            0  0  0  -1  0   0  0  0  0  0  0/0     7:10   0:00   1:10 
Nate Schmidt             0  1  1   0  0   2  7  2  0  0  0/0    21:28   1:59   1:57 
Nick Shore               0  0  0  -1  0   0  1  1  0  0  6/12    8:55   0:22   2:33 
Patrick Kane             1  0  1  -1  0   4  3  0  0  0  0/4    21:41   2:27   0:00 
Teuvo Teravainen         0  0  0  -1  0   2  2  0  0  0  2/4    23:01   2:27   0:00 
Travis Sanheim           0  0  0  -2  0   0  2  1  0  0  0/0    19:20   0:30   0:00 
Tyson Jost               0  0  0   0  0   0  0  0  0  0  0/0     3:27   0:00   0:00 
Valeri Nichushkin        0  0  0   0  0   3  3  0  0  0  1/1    17:42   1:09   0:23 

Players Stats for Kings

Player Name              G  A  P  +/- PIM S  H  SB GA TA FO     MP     PP MP  PK MP  
------------------------------------------------------------------------------------
Andre Burakovsky         1  0  1   1  0   8  0  0  0  0  1/1    17:19   2:38   0:10 
Corey Perry              0  0  0   0  0   1  0  0  0  0  0/0     7:35   0:00   0:00 
Jack Johnson             0  0  0   1  2   2  0  0  0  0  0/0    22:39   2:15   1:01 
Jesper Fast              0  1  1   1  0   1  1  1  0  0  2/4    17:09   2:38   0:00 
John Moore               0  1  1   2  0   2  0  1  0  0  0/0    21:04   1:43   2:16 
Jonathan Toews           0  0  0   0  0   2  2  1  0  0  16/32  22:12   1:20   2:46 
Jordan Eberle            0  1  1   0  0   2  1  0  0  0  0/1    20:16   1:20   0:50 
Justin Williams          2  0  2   2  0   4  0  0  0  0  0/0    11:52   0:00   0:00 
Lucas Wallmark           0  0  0   0  0   4  0  0  0  0  7/11    7:57   0:00   0:22 
Marc-Edouard Vlasic      0  1  1   1  0   3  1  1  0  0  0/0    23:21   2:15   1:42 
Marco Scandella          0  2  2   2  0   1  3  3  0  0  0/0    21:04   1:43   2:16 
Mikael Backlund          0  0  0   1  0   3  0  0  0  0  10/22  20:07   2:38   2:58 
Nick Bjugstad            0  0  0   0  0   0  1  0  0  0  0/1     7:35   0:00   0:00 
Nick Paul                0  1  1   2  0   1  0  0  0  0  7/11   11:52   0:00   0:00 
Nicolas Hague            0  0  0   0  0   0  2  0  0  0  0/0    16:16   0:00   0:41 
Rickard Rakell           1  0  1   0  0   3  2  0  0  0  0/0    20:16   1:20   0:50 
Stephen Johns            0  0  0   0  0   0  2  0  0  0  0/0    15:35   0:00   0:00 
Zemgus Girgensons        0  0  0   2  2   1  1  0  0  0  0/0    11:51   0:00   0:00 

3 Stars

1 - Justin Williams (LOS)
2 - Marco Scandella (LOS)
3 - David Rittich (LOS)

Power Play

Canadiens - 0 on 2 Attempt(s) - 0,00%
Kings - 0 on 2 Attempt(s) - 0,00%

Penalty Kill

Canadiens - 2 on 2 Attempt(s) - 100,00% - Score 0 goal in Penalty Kill
Kings - 2 on 2 Attempt(s) - 100,00% - Score 0 goal in Penalty Kill

Team Stat

Canadiens - Hits : 32 - Faceoff Wins : 40 - Blocked Shots : 11 - Penalty Minutes : 4
Kings - Hits : 16 - Faceoff Wins : 43 - Blocked Shots : 7 - Penalty Minutes : 4

Official

Referees : Chris Lee and Adam Bloski
Linesman : Jim Harper and Jaime Alary

Game Notes

Tyson Jost is injured at 4:44 of 3rd period (Left Hip)

Finance

Level 1 -- Attendance: 6267 (96,42%) -- Ticket Income 595 365 $
Level 2 -- Attendance: 4961 (99,22%) -- Ticket Income 372 075 $
Level 3 -- Attendance: 3057 (87,34%) -- Ticket Income 168 135 $
Level 4 -- Attendance: 2118 (100,00%) -- Ticket Income 84 720 $
Luxury Box -- Attendance: 924 (92,40%) -- Ticket Income 207 900 $
Game was played at the Staples Center.
Total Attendance: 17327 (95,63%)
Total Ticket Income: 1 428 195 $
Other Income: 699 816 $
Total Income: 2 128 011 $

% Time on Ice - Canadiens

Lines # - Real PCT - Wanted PCT - Time Play
Normal Forward
1 - 37% - 40% - 19:14
2 - 31% - 30% - 16:10
3 - 20% - 20% - 10:40
4 - 12% - 10% - 6:00
Normal Defense
1 - 36% - 34% - 18:50
2 - 34% - 33% - 17:32
3 - 19% - 20% - 9:42
4 - 12% - 13% - 6:00
PP Forward
1 - 62% - 60% - 2:27
2 - 38% - 40% - 1:31
PP Defense
1 - 50% - 60% - 1:59
2 - 50% - 40% - 1:59
PK Forward
1 - 71% - 60% - 2:48
2 - 29% - 40% - 1:10
PK Defense
1 - 51% - 50% - 2:01
2 - 49% - 50% - 1:57
PK3 Forward
1 - 0% - 60%
2 - 0% - 40%
PK3 Defense
1 - 0% - 50%
2 - 0% - 50%
44 Forward
1 - 0% - 60%
2 - 0% - 40%
44 Defense
1 - 0% - 60%
2 - 0% - 40%
Last Minute Offensive  - 0:00
Last Minute Defensive  - 0:00
Total
Forward - 60:00
Defense - 60:00

% Time on Ice - Kings

Lines # - Real PCT - Wanted PCT - Time Play
Normal Forward
1 - 35% - 40% - 18:06
2 - 28% - 30% - 14:31
3 - 23% - 20% - 11:52
4 - 15% - 10% - 7:35
Normal Defense
1 - 36% - 40% - 18:50
2 - 33% - 30% - 17:05
3 - 30% - 20% - 15:35
4 - 1% - 10% - 0:34
PP Forward
1 - 34% - 60% - 1:20
2 - 66% - 40% - 2:38
PP Defense
1 - 57% - 60% - 2:15
2 - 43% - 40% - 1:43
PK Forward
1 - 79% - 60% - 3:08
2 - 21% - 40% - 0:50
PK Defense
1 - 43% - 60% - 1:42
2 - 57% - 40% - 2:16
PK3 Forward
1 - 0% - 60%
2 - 0% - 40%
PK3 Defense
1 - 0% - 60%
2 - 0% - 40%
44 Forward
1 - 0% - 60%
2 - 0% - 40%
44 Defense
1 - 0% - 60%
2 - 0% - 40%
Last Minute Offensive  - 0:00
Last Minute Defensive  - 0:00
Total
Forward - 60:00
Defense - 60:00

Play-by-Play

1st period


0:01 of 1st period - Jonathan Toews wins face-off versus Auston Matthews in neutral zone.
0:06 of 1st period - Shot by Jordan Eberle.
0:06 of 1st period - Stopped by Mackenzie Blackwood without a rebound.
0:07 of 1st period - Jesper Fast wins face-off versus David Krejci in Canadiens zone.
0:18 of 1st period - John Moore is hit by David Krejci and loses puck.
0:29 of 1st period - Shot by David Krejci.
0:29 of 1st period - Deflect By Jakob Silfverberg.
0:29 of 1st period - Shot Blocked by Marco Scandella.
0:45 of 1st period - Shot by Valeri Nichushkin.
0:45 of 1st period - Stopped by David Rittich without a rebound.
0:46 of 1st period - Jonathan Toews wins face-off versus Auston Matthews in Kings zone.
1:05 of 1st period - Shot by Jordan Eberle.
1:05 of 1st period - Shot Misses the Net.
1:07 of 1st period - Shot by Marc-Edouard Vlasic.
1:07 of 1st period - Stopped by Mackenzie Blackwood with a rebound.
2:11 of 1st period - Icing by Travis Sanheim.
2:12 of 1st period - Colin White wins face-off versus Nick Paul in Canadiens zone.
2:23 of 1st period - Shot by Colin White.
2:23 of 1st period - Stopped by David Rittich with a rebound.
2:48 of 1st period - Zemgus Girgensons is hit by Nate Schmidt.
2:55 of 1st period - Icing by Nate Schmidt.
2:56 of 1st period - Lucas Wallmark wins face-off versus Nick Shore in Canadiens zone.
2:56 of 1st period - John Moore is hit by Josh Morrissey and loses puck.
3:31 of 1st period - Shot by Corey Perry.
3:31 of 1st period - Stopped by Mackenzie Blackwood without a rebound.
3:32 of 1st period - Mikael Backlund wins face-off versus Teuvo Teravainen in Canadiens zone.
3:48 of 1st period - Mikael Backlund is hit by Danny DeKeyser.
3:59 of 1st period - Shot by Patrick Kane.
3:59 of 1st period - Shot Misses the Net.
4:34 of 1st period - Zemgus Girgensons is hit by Ivan Provorov.
4:45 of 1st period - Off-side.
4:46 of 1st period - Jonathan Toews wins face-off versus David Krejci in neutral zone.
4:53 of 1st period - David Krejci is hit by Rickard Rakell.
5:50 of 1st period - Icing by Artturi Lehkonen.
5:51 of 1st period - Mikael Backlund wins face-off versus Colin White in Canadiens zone.
6:21 of 1st period - Off-side.
6:22 of 1st period - Lucas Wallmark wins face-off versus Nick Shore in neutral zone.
6:46 of 1st period - Shot by Corey Perry.
6:46 of 1st period - Shot Misses the Net.
6:50 of 1st period - Shot by Nick Bjugstad.
6:50 of 1st period - Shot Misses the Net.
6:54 of 1st period - Shot by Lucas Wallmark.
6:54 of 1st period - Shot Misses the Net.
7:08 of 1st period - Shot by Justin Williams.
7:08 of 1st period - Shot Misses the Net.
7:16 of 1st period - Shot by Justin Williams.
7:16 of 1st period - Deflect By Nick Paul.
7:16 of 1st period - Stopped by Mackenzie Blackwood without a rebound.
7:17 of 1st period - Jonathan Toews wins face-off versus Patrick Kane in Canadiens zone.
7:18 of 1st period - Shot by Rickard Rakell.
7:18 of 1st period - Shot Misses the Net.
7:28 of 1st period - Shot by Rickard Rakell.
7:28 of 1st period - Shot Misses the Net.
7:30 of 1st period - Shot by Marco Scandella.
7:30 of 1st period - Stopped by Mackenzie Blackwood with a rebound.
7:32 of 1st period - Shot by Rickard Rakell.
7:32 of 1st period - Goal by Rickard Rakell - Canadiens : 0 - Kings : 1.
7:33 of 1st period - Mikael Backlund wins face-off versus David Krejci in neutral zone.
8:00 of 1st period - Shot by Jakob Silfverberg.
8:00 of 1st period - Stopped by David Rittich without a rebound.
8:01 of 1st period - Auston Matthews wins face-off versus Jonathan Toews in Kings zone.
8:46 of 1st period - Icing by Marco Scandella.
8:47 of 1st period - David Krejci wins face-off versus Jonathan Toews in Kings zone.
8:48 of 1st period - Shot by Valeri Nichushkin.
8:48 of 1st period - Shot Misses the Net.
8:54 of 1st period - Shot by David Krejci.
8:54 of 1st period - Deflect By Jakob Silfverberg.
8:54 of 1st period - Shot Blocked by Jonathan Toews.
8:56 of 1st period - Shot by Valeri Nichushkin.
8:56 of 1st period - Shot Misses the Net.
9:31 of 1st period - Minor Penalty to Ilya Kovalchuk for Tripping.
9:32 of 1st period - Andre Burakovsky wins face-off versus Nick Shore in Canadiens zone.
9:32 of 1st period - Andre Burakovsky is hit by Ivan Provorov.
9:58 of 1st period - Shot by Andre Burakovsky.
9:58 of 1st period - Stopped by Mackenzie Blackwood without a rebound.
9:59 of 1st period - Nick Shore wins face-off versus Mikael Backlund in Canadiens zone.
10:11 of 1st period - Shot by Mikael Backlund.
10:11 of 1st period - Stopped by Mackenzie Blackwood without a rebound.
10:12 of 1st period - Mikael Backlund wins face-off versus Jakob Silfverberg in Canadiens zone.
11:02 of 1st period - Shot by John Moore.
11:02 of 1st period - Stopped by Mackenzie Blackwood with a rebound.
11:04 of 1st period - Shot by Jonathan Toews.
11:04 of 1st period - Stopped by Mackenzie Blackwood without a rebound.
11:05 of 1st period - Valeri Nichushkin wins face-off versus Jonathan Toews in Canadiens zone.
12:40 of 1st period - Shot by Lucas Wallmark.
12:40 of 1st period - Stopped by Mackenzie Blackwood without a rebound.
12:41 of 1st period - Colin White wins face-off versus Mikael Backlund in Canadiens zone.
13:02 of 1st period - Off-side.
13:03 of 1st period - Lucas Wallmark wins face-off versus David Krejci in neutral zone.
13:10 of 1st period - Shot by David Krejci.
13:10 of 1st period - Shot Misses the Net.
13:12 of 1st period - Shot by Cam Fowler.
13:12 of 1st period - Stopped by David Rittich without a rebound.
13:13 of 1st period - Auston Matthews wins face-off versus Jonathan Toews in Kings zone.
13:22 of 1st period - Shot by Patrick Kane.
13:22 of 1st period - Stopped by David Rittich without a rebound.
13:23 of 1st period - David Krejci wins face-off versus Mikael Backlund in Kings zone.
13:48 of 1st period - Shot by Andre Burakovsky.
13:48 of 1st period - Shot Misses the Net.
14:26 of 1st period - Shot by Patrick Kane.
14:26 of 1st period - Goal by Patrick Kane - Canadiens : 1 - Kings : 1.
14:27 of 1st period - Nick Paul wins face-off versus Colin White in neutral zone.
15:08 of 1st period - Shot by Artturi Lehkonen.
15:08 of 1st period - Stopped by David Rittich without a rebound.
15:09 of 1st period - Jonathan Toews wins face-off versus Teuvo Teravainen in Kings zone.
16:07 of 1st period - Shot by David Krejci.
16:07 of 1st period - Shot Misses the Net.
16:09 of 1st period - Shot by Valeri Nichushkin.
16:09 of 1st period - Shot Blocked by John Moore.
16:16 of 1st period - Valeri Nichushkin is hit by Marco Scandella and loses puck.
17:03 of 1st period - Shot by Ivan Provorov.
17:03 of 1st period - Stopped by David Rittich without a rebound.
17:04 of 1st period - Mikael Backlund wins face-off versus Nick Shore in Kings zone.
17:11 of 1st period - Shot by Andre Burakovsky.
17:11 of 1st period - Stopped by Mackenzie Blackwood with a rebound.
17:13 of 1st period - Shot by Marc-Edouard Vlasic.
17:13 of 1st period - Shot Misses the Net.
17:19 of 1st period - Shot by Mikael Backlund.
17:19 of 1st period - Deflect By Andre Burakovsky.
17:19 of 1st period - Stopped by Mackenzie Blackwood without a rebound.
17:20 of 1st period - Auston Matthews wins face-off versus Nick Paul in Canadiens zone.
17:45 of 1st period - Nick Paul is hit by Patrick Kane and loses puck.
18:27 of 1st period - Jesper Fast is hit by Josh Morrissey and loses puck.
18:30 of 1st period - Shot by Jack Johnson.
18:30 of 1st period - Stopped by Mackenzie Blackwood without a rebound.
18:31 of 1st period - Lucas Wallmark wins face-off versus David Krejci in Canadiens zone.
18:31 of 1st period - Lucas Wallmark is hit by Travis Sanheim.
18:57 of 1st period - Shot by Lucas Wallmark.
18:57 of 1st period - Stopped by Mackenzie Blackwood without a rebound.
18:58 of 1st period - Colin White wins face-off versus Mikael Backlund in Canadiens zone.
19:00 of 1st period - Icing by Nate Schmidt.
19:01 of 1st period - Mikael Backlund wins face-off versus Colin White in Canadiens zone.
19:04 of 1st period - Shot by Mikael Backlund.
19:04 of 1st period - Shot Misses the Net.
19:14 of 1st period - Shot by Artturi Lehkonen.
19:14 of 1st period - Stopped by David Rittich without a rebound.
19:15 of 1st period - David Krejci wins face-off versus Nick Paul in Kings zone.
19:23 of 1st period - Icing by Nicolas Hague.
19:24 of 1st period - Nick Paul wins face-off versus Auston Matthews in Kings zone.
19:53 of 1st period - Icing by Nate Schmidt.
19:54 of 1st period - Auston Matthews wins face-off versus Mikael Backlund in Canadiens zone.
19:54 of 1st period - Auston Matthews is hit by Jesper Fast.
Goals for this period are 1 for Canadiens vs 1 for Kings.
Shots for this period are 9 for Canadiens vs 15 for Kings.

2nd period


0:01 of 2nd period - Mikael Backlund wins face-off versus Auston Matthews in neutral zone.
0:12 of 2nd period - Shot by Mikael Backlund.
0:12 of 2nd period - Shot Misses the Net.
0:14 of 2nd period - Shot by Mikael Backlund.
0:14 of 2nd period - Shot Misses the Net.
0:16 of 2nd period - Shot by Andre Burakovsky.
0:16 of 2nd period - Shot Misses the Net.
0:28 of 2nd period - Shot by Andre Burakovsky.
0:28 of 2nd period - Stopped by Mackenzie Blackwood without a rebound.
0:29 of 2nd period - David Krejci wins face-off versus Jonathan Toews in Canadiens zone.
0:52 of 2nd period - Off-side.
0:53 of 2nd period - Lucas Wallmark wins face-off versus Colin White in neutral zone.
0:58 of 2nd period - Shot by Nick Bjugstad.
0:58 of 2nd period - Deflect By Lucas Wallmark.
0:58 of 2nd period - Stopped by Mackenzie Blackwood without a rebound.
0:59 of 2nd period - Mikael Backlund wins face-off versus Auston Matthews in Canadiens zone.
0:59 of 2nd period - Andre Burakovsky is hit by Nate Schmidt and loses puck.
1:35 of 2nd period - Shot by Mikael Backlund.
1:35 of 2nd period - Deflect By Andre Burakovsky.
1:35 of 2nd period - Stopped by Mackenzie Blackwood without a rebound.
1:36 of 2nd period - David Krejci wins face-off versus Jordan Eberle in Canadiens zone.
2:12 of 2nd period - Shot by Rickard Rakell.
2:12 of 2nd period - Shot Misses the Net.
2:14 of 2nd period - Shot by John Moore.
2:14 of 2nd period - Stopped by Mackenzie Blackwood without a rebound.
2:15 of 2nd period - Colin White wins face-off versus Lucas Wallmark in Canadiens zone.
2:15 of 2nd period - Colin White is hit by Nick Bjugstad.
2:21 of 2nd period - Shot by Ilya Kovalchuk.
2:21 of 2nd period - Shot Blocked by Marc-Edouard Vlasic.
2:36 of 2nd period - Artturi Lehkonen is hit by Marc-Edouard Vlasic and loses puck.
2:40 of 2nd period - Minor Penalty to Jack Johnson for Hooking.
2:41 of 2nd period - Jonathan Toews wins face-off versus Auston Matthews in Kings zone.
2:59 of 2nd period - Shot by Patrick Kane.
2:59 of 2nd period - Stopped by David Rittich without a rebound.
3:00 of 2nd period - Jonathan Toews wins face-off versus David Krejci in Kings zone.
3:00 of 2nd period - Jonathan Toews is hit by Valeri Nichushkin.
3:15 of 2nd period - Jonathan Toews is hit by Valeri Nichushkin and loses puck.
3:24 of 2nd period - Shot by Nate Schmidt.
3:24 of 2nd period - Stopped by David Rittich without a rebound.
3:25 of 2nd period - Jonathan Toews wins face-off versus Auston Matthews in Kings zone.
3:53 of 2nd period - Auston Matthews is hit by Jonathan Toews and loses puck.
4:18 of 2nd period - Shot by Ivan Provorov.
4:18 of 2nd period - Stopped by David Rittich with a rebound.
5:02 of 2nd period - Shot by Justin Williams.
5:02 of 2nd period - Stopped by Mackenzie Blackwood without a rebound.
5:03 of 2nd period - Nick Shore wins face-off versus Lucas Wallmark in Canadiens zone.
5:57 of 2nd period - Shot by Zemgus Girgensons.
5:57 of 2nd period - Shot Misses the Net.
6:14 of 2nd period - Jack Johnson is hit by Nate Schmidt and loses puck.
6:25 of 2nd period - Shot by Patrick Kane.
6:25 of 2nd period - Stopped by David Rittich with a rebound.
6:27 of 2nd period - Shot by Josh Morrissey.
6:27 of 2nd period - Stopped by David Rittich without a rebound.
6:28 of 2nd period - David Krejci wins face-off versus Mikael Backlund in Kings zone.
6:31 of 2nd period - Shot by David Krejci.
6:31 of 2nd period - Shot Misses the Net.
6:43 of 2nd period - Shot by John Moore.
6:43 of 2nd period - Shot Blocked by Jakob Silfverberg.
6:45 of 2nd period - Shot by Jesper Fast.
6:45 of 2nd period - Shot Blocked by Danny DeKeyser.
6:47 of 2nd period - Shot by Mikael Backlund.
6:47 of 2nd period - Stopped by Mackenzie Blackwood without a rebound.
6:48 of 2nd period - Jonathan Toews wins face-off versus Patrick Kane in Canadiens zone.
6:48 of 2nd period - Jordan Eberle is hit by Nate Schmidt and loses puck.
6:55 of 2nd period - Shot by Auston Matthews.
6:55 of 2nd period - Shot Misses the Net.
6:57 of 2nd period - Shot by Teuvo Teravainen.
6:57 of 2nd period - Shot Misses the Net.
6:59 of 2nd period - Shot by Josh Morrissey.
6:59 of 2nd period - Stopped by David Rittich without a rebound.
7:00 of 2nd period - David Krejci wins face-off versus Nick Bjugstad in Kings zone.
7:07 of 2nd period - Shot by Jakob Silfverberg.
7:07 of 2nd period - Stopped by David Rittich without a rebound.
7:08 of 2nd period - Jonathan Toews wins face-off versus Auston Matthews in Kings zone.
7:08 of 2nd period - Jonathan Toews is hit by Teuvo Teravainen.
7:13 of 2nd period - Rickard Rakell is hit by Auston Matthews and loses puck.
7:21 of 2nd period - Jonathan Toews is hit by Nate Schmidt.
7:26 of 2nd period - Jonathan Toews is hit by Josh Morrissey and loses puck.
7:29 of 2nd period - Shot by Jonathan Toews.
7:29 of 2nd period - Shot Misses the Net.
7:40 of 2nd period - Jonathan Toews is hit by Josh Morrissey and loses puck.
8:02 of 2nd period - Andre Burakovsky is hit by Josh Morrissey and loses puck.
8:07 of 2nd period - Shot by John Moore.
8:07 of 2nd period - Shot Blocked by Nate Schmidt.
8:15 of 2nd period - Shot by Jesper Fast.
8:15 of 2nd period - Shot Blocked by Josh Morrissey.
8:17 of 2nd period - Shot by Jesper Fast.
8:17 of 2nd period - Stopped by Mackenzie Blackwood without a rebound.
8:18 of 2nd period - Nick Paul wins face-off versus David Krejci in Canadiens zone.
8:25 of 2nd period - Nicolas Hague is hit by David Krejci and loses puck.
8:34 of 2nd period - Shot by David Krejci.
8:34 of 2nd period - Stopped by David Rittich without a rebound.
8:35 of 2nd period - Colin White wins face-off versus Mikael Backlund in Kings zone.
8:35 of 2nd period - Ilya Kovalchuk is hit by Marco Scandella and loses puck.
8:37 of 2nd period - Minor Penalty to Colin White for Tripping.
8:38 of 2nd period - Nick Shore wins face-off versus Jonathan Toews in Canadiens zone.
8:51 of 2nd period - Shot by Jonathan Toews.
8:51 of 2nd period - Shot Misses the Net.
8:53 of 2nd period - Shot by Marc-Edouard Vlasic.
8:53 of 2nd period - Stopped by Mackenzie Blackwood without a rebound.
8:54 of 2nd period - Nick Shore wins face-off versus Jesper Fast in Canadiens zone.
9:07 of 2nd period - Shot by Andre Burakovsky.
9:07 of 2nd period - Stopped by Mackenzie Blackwood without a rebound.
9:08 of 2nd period - Nick Shore wins face-off versus Jonathan Toews in Canadiens zone.
9:22 of 2nd period - Shot by Jonathan Toews.
9:22 of 2nd period - Shot Blocked by Josh Morrissey.
9:24 of 2nd period - Shot by Jonathan Toews.
9:24 of 2nd period - Shot Blocked by Nick Shore.
9:26 of 2nd period - Shot by Jack Johnson.
9:26 of 2nd period - Stopped by Mackenzie Blackwood without a rebound.
9:27 of 2nd period - Mikael Backlund wins face-off versus Nick Shore in Canadiens zone.
9:30 of 2nd period - Shot by Andre Burakovsky.
9:30 of 2nd period - Shot Blocked by Ivan Provorov.
9:46 of 2nd period - Shot by Mikael Backlund.
9:46 of 2nd period - Shot Misses the Net.
11:04 of 2nd period - Icing by Ivan Provorov.
11:05 of 2nd period - Nick Paul wins face-off versus Auston Matthews in Canadiens zone.
11:06 of 2nd period - Shot by Justin Williams.
11:06 of 2nd period - Shot Blocked by Ivan Provorov.
11:36 of 2nd period - Valeri Nichushkin is hit by Nicolas Hague and loses puck.
11:54 of 2nd period - David Krejci is hit by Stephen Johns and loses puck.
12:16 of 2nd period - Icing by Zemgus Girgensons.
12:17 of 2nd period - Nick Paul wins face-off versus Colin White in Kings zone.
13:08 of 2nd period - Icing by Stephen Johns.
13:09 of 2nd period - Nick Paul wins face-off versus Auston Matthews in Kings zone.
13:30 of 2nd period - Shot by Teuvo Teravainen.
13:30 of 2nd period - Stopped by David Rittich with a rebound.
13:44 of 2nd period - Shot by Travis Sanheim.
13:44 of 2nd period - Shot Misses the Net.
14:14 of 2nd period - Shot by Jakob Silfverberg.
14:14 of 2nd period - Shot Blocked by Marco Scandella.
14:41 of 2nd period - Off-side.
14:42 of 2nd period - Lucas Wallmark wins face-off versus Ilya Kovalchuk in neutral zone.
15:01 of 2nd period - Shot by Nate Schmidt.
15:01 of 2nd period - Shot Misses the Net.
15:03 of 2nd period - Shot by Artturi Lehkonen.
15:03 of 2nd period - Stopped by David Rittich with a rebound.
15:05 of 2nd period - Shot by Josh Morrissey.
15:05 of 2nd period - Shot Misses the Net.
15:07 of 2nd period - Shot by Artturi Lehkonen.
15:07 of 2nd period - Stopped by David Rittich without a rebound.
15:08 of 2nd period - Auston Matthews wins face-off versus Mikael Backlund in Kings zone.
15:14 of 2nd period - Off-side.
15:15 of 2nd period - Auston Matthews wins face-off versus Jonathan Toews in neutral zone.
15:46 of 2nd period - Shot by Jonathan Toews.
15:46 of 2nd period - Shot Misses the Net.
15:48 of 2nd period - Shot by John Moore.
15:48 of 2nd period - Shot Misses the Net.
16:02 of 2nd period - Shot by Mikael Backlund.
16:02 of 2nd period - Stopped by Mackenzie Blackwood with a rebound.
16:04 of 2nd period - Shot by Jesper Fast.
16:04 of 2nd period - Deflect By Andre Burakovsky.
16:04 of 2nd period - Shot Misses the Net.
16:06 of 2nd period - Shot by Marc-Edouard Vlasic.
16:06 of 2nd period - Shot Misses the Net.
16:08 of 2nd period - Shot by Andre Burakovsky.
16:08 of 2nd period - Goal by Andre Burakovsky - Canadiens : 1 - Kings : 2.
16:09 of 2nd period - David Krejci wins face-off versus Lucas Wallmark in neutral zone.
16:22 of 2nd period - Shot by David Krejci.
16:22 of 2nd period - Stopped by David Rittich without a rebound.
16:23 of 2nd period - Colin White wins face-off versus Mikael Backlund in Kings zone.
17:26 of 2nd period - Off-side.
17:27 of 2nd period - Auston Matthews wins face-off versus Jonathan Toews in neutral zone.
17:46 of 2nd period - Icing by Marc-Edouard Vlasic.
17:47 of 2nd period - David Krejci wins face-off versus Jonathan Toews in Kings zone.
17:53 of 2nd period - Icing by Marc-Edouard Vlasic.
17:54 of 2nd period - Jonathan Toews wins face-off versus Auston Matthews in Kings zone.
17:54 of 2nd period - Jonathan Toews is hit by Teuvo Teravainen.
17:59 of 2nd period - Jonathan Toews is hit by Nate Schmidt and loses puck.
18:02 of 2nd period - Shot by Rickard Rakell.
18:02 of 2nd period - Shot Misses the Net.
18:04 of 2nd period - Shot by Rickard Rakell.
18:04 of 2nd period - Shot Misses the Net.
18:06 of 2nd period - Shot by Marc-Edouard Vlasic.
18:06 of 2nd period - Stopped by Mackenzie Blackwood with a rebound.
18:37 of 2nd period - Shot by Lucas Wallmark.
18:37 of 2nd period - Shot Misses the Net.
18:40 of 2nd period - Corey Perry is hit by Nate Schmidt and loses puck.
19:24 of 2nd period - Shot by Jakob Silfverberg.
19:24 of 2nd period - Shot Misses the Net.
19:45 of 2nd period - Shot by Andre Burakovsky.
19:45 of 2nd period - Shot Blocked by Travis Sanheim.
19:55 of 2nd period - Shot by Valeri Nichushkin.
19:55 of 2nd period - Shot Blocked by Jesper Fast.
Goals for this period are 0 for Canadiens vs 1 for Kings.
Shots for this period are 12 for Canadiens vs 13 for Kings.

3rd period


0:01 of 3rd period - Jonathan Toews wins face-off versus David Krejci in neutral zone.
0:24 of 3rd period - Shot by Jordan Eberle.
0:24 of 3rd period - Stopped by Mackenzie Blackwood without a rebound.
0:25 of 3rd period - Teuvo Teravainen wins face-off versus Mikael Backlund in Canadiens zone.
0:31 of 3rd period - Ivan Provorov is hit by Marco Scandella.
0:33 of 3rd period - Shot by Teuvo Teravainen.
0:33 of 3rd period - Stopped by David Rittich without a rebound.
0:34 of 3rd period - Ilya Kovalchuk wins face-off versus Nick Paul in Kings zone.
0:51 of 3rd period - Shot by Justin Williams.
0:51 of 3rd period - Goal by Justin Williams - Canadiens : 1 - Kings : 3.
0:52 of 3rd period - Jonathan Toews wins face-off versus David Krejci in neutral zone.
0:52 of 3rd period - Rickard Rakell is hit by Valeri Nichushkin and loses puck.
1:06 of 3rd period - Rickard Rakell is hit by Cam Fowler and loses puck.
1:18 of 3rd period - Cam Fowler is hit by Rickard Rakell and loses puck.
1:38 of 3rd period - Icing by Jack Johnson.
1:39 of 3rd period - Auston Matthews wins face-off versus Jonathan Toews in Kings zone.
1:59 of 3rd period - Icing by Ivan Provorov.
2:00 of 3rd period - Jesper Fast wins face-off versus Patrick Kane in Canadiens zone.
2:01 of 3rd period - Shot by Andre Burakovsky.
2:01 of 3rd period - Shot Misses the Net.
2:53 of 3rd period - Shot by Colin White.
2:53 of 3rd period - Stopped by David Rittich with a rebound.
4:43 of 3rd period - Tyson Jost is hit by Jordan Eberle and loses puck.
4:44 of 3rd period - Tyson Jost from Canadiens is injured at 4:44 of 3rd period (Left Hip).
4:45 of 3rd period - Auston Matthews wins face-off versus Jesper Fast in Canadiens zone.
4:53 of 3rd period - Off-side.
4:54 of 3rd period - Auston Matthews wins face-off versus Mikael Backlund in neutral zone.
5:25 of 3rd period - Shot by Mikael Backlund.
5:25 of 3rd period - Deflect By Andre Burakovsky.
5:25 of 3rd period - Stopped by Mackenzie Blackwood with a rebound.
5:57 of 3rd period - Off-side.
5:58 of 3rd period - David Krejci wins face-off versus Jonathan Toews in neutral zone.
7:09 of 3rd period - Minor Penalty to Zemgus Girgensons for Hooking.
7:10 of 3rd period - Auston Matthews wins face-off versus Jonathan Toews in Kings zone.
8:17 of 3rd period - Shot by Cam Fowler.
8:17 of 3rd period - Shot Blocked by Marco Scandella.
8:19 of 3rd period - Shot by Cam Fowler.
8:19 of 3rd period - Shot Misses the Net.
8:21 of 3rd period - Shot by Josh Morrissey.
8:21 of 3rd period - Stopped by David Rittich without a rebound.
8:22 of 3rd period - Teuvo Teravainen wins face-off versus Lucas Wallmark in Kings zone.
8:51 of 3rd period - Shot by Josh Morrissey.
8:51 of 3rd period - Stopped by David Rittich without a rebound.
8:52 of 3rd period - Jonathan Toews wins face-off versus David Krejci in Kings zone.
9:15 of 3rd period - Shot by Nicolas Hague.
9:15 of 3rd period - Shot Misses the Net.
11:31 of 3rd period - Shot by Jordan Eberle.
11:31 of 3rd period - Shot Blocked by Nate Schmidt.
11:45 of 3rd period - Shot by Rickard Rakell.
11:45 of 3rd period - Stopped by Mackenzie Blackwood without a rebound.
11:46 of 3rd period - Mikael Backlund wins face-off versus Auston Matthews in Canadiens zone.
11:59 of 3rd period - Shot by Mikael Backlund.
11:59 of 3rd period - Shot Misses the Net.
12:07 of 3rd period - Jesper Fast is hit by Patrick Kane and loses puck.
12:49 of 3rd period - Ivan Provorov is hit by Zemgus Girgensons and loses puck.
13:13 of 3rd period - Shot by Justin Williams.
13:13 of 3rd period - Goal by Justin Williams - Canadiens : 1 - Kings : 4.
13:14 of 3rd period - Jonathan Toews wins face-off versus David Krejci in neutral zone.
13:38 of 3rd period - Shot by David Krejci.
13:38 of 3rd period - Stopped by David Rittich with a rebound.
13:40 of 3rd period - Shot by Nate Schmidt.
13:40 of 3rd period - Stopped by David Rittich without a rebound.
13:41 of 3rd period - Lucas Wallmark wins face-off versus Patrick Kane in Kings zone.
14:16 of 3rd period - Shot by Lucas Wallmark.
14:16 of 3rd period - Stopped by Mackenzie Blackwood without a rebound.
14:17 of 3rd period - David Krejci wins face-off versus Jonathan Toews in Canadiens zone.
14:17 of 3rd period - David Krejci is hit by Jonathan Toews.
14:26 of 3rd period - Valeri Nichushkin is hit by Stephen Johns and loses puck.
14:38 of 3rd period - Jordan Eberle is hit by Josh Morrissey and loses puck.
14:51 of 3rd period - Jakob Silfverberg is hit by Nicolas Hague and loses puck.
15:57 of 3rd period - Shot by Justin Williams.
15:57 of 3rd period - Stopped by Mackenzie Blackwood with a rebound.
16:24 of 3rd period - Nick Paul is hit by Travis Sanheim and loses puck.
16:41 of 3rd period - Shot by Auston Matthews.
16:41 of 3rd period - Shot Misses the Net.
16:45 of 3rd period - Shot by Auston Matthews.
16:45 of 3rd period - Stopped by David Rittich without a rebound.
16:46 of 3rd period - Jonathan Toews wins face-off versus Nick Shore in Kings zone.
16:46 of 3rd period - Jonathan Toews is hit by Nick Shore.
17:01 of 3rd period - Shot by Jordan Eberle.
17:01 of 3rd period - Shot Misses the Net.
17:03 of 3rd period - Shot by Jonathan Toews.
17:03 of 3rd period - Stopped by Mackenzie Blackwood without a rebound.
17:04 of 3rd period - David Krejci wins face-off versus Mikael Backlund in Canadiens zone.
17:09 of 3rd period - Shot by Valeri Nichushkin.
17:09 of 3rd period - Stopped by David Rittich without a rebound.
17:10 of 3rd period - Auston Matthews wins face-off versus Jonathan Toews in Kings zone.
17:27 of 3rd period - Shot by Patrick Kane.
17:27 of 3rd period - Shot Misses the Net.
17:35 of 3rd period - Shot by Jonathan Toews.
17:35 of 3rd period - Deflect By Rickard Rakell.
17:35 of 3rd period - Shot Misses the Net.
17:41 of 3rd period - Rickard Rakell is hit by Patrick Kane and loses puck.
18:10 of 3rd period - Shot by Andre Burakovsky.
18:10 of 3rd period - Shot Misses the Net.
18:41 of 3rd period - Shot by Jakob Silfverberg.
18:41 of 3rd period - Deflect By Valeri Nichushkin.
18:41 of 3rd period - Stopped by David Rittich with a rebound.
18:57 of 3rd period - Jesper Fast is hit by Colin White and loses puck.
19:16 of 3rd period - Shot by Artturi Lehkonen.
19:16 of 3rd period - Shot Misses the Net.
19:18 of 3rd period - Shot by Colin White.
19:18 of 3rd period - Deflect By Ilya Kovalchuk.
19:18 of 3rd period - Stopped by David Rittich without a rebound.
19:19 of 3rd period - Nick Shore wins face-off versus Jonathan Toews in Kings zone.
19:37 of 3rd period - Shot by Rickard Rakell.
19:37 of 3rd period - Deflect By Jonathan Toews.
19:37 of 3rd period - Shot Misses the Net.
19:55 of 3rd period - Shot by Rickard Rakell.
19:55 of 3rd period - Stopped by Mackenzie Blackwood without a rebound.
19:56 of 3rd period - Nick Paul wins face-off versus Artturi Lehkonen in Canadiens zone.
19:57 of 3rd period - Shot by Zemgus Girgensons.
19:57 of 3rd period - Stopped by Mackenzie Blackwood with a rebound.
19:59 of 3rd period - Shot by Zemgus Girgensons.
19:59 of 3rd period - Shot Blocked by Josh Morrissey.
Goals for this period are 0 for Canadiens vs 2 for Kings.
Shots for this period are 10 for Canadiens vs 10 for Kings.